 Dungeon Crawl Stone Soup version bcrawl-1.34.3 (webtiles) character file.

Game seed: 4124857120112200673

315786 KristoblXynda the Carver (level 10, 0/91 HPs)
             Began as a Grey Draconian Gladiator on Oct 8, 2021.
             Was an Elder of Okawaru.
             Slain by a snaplasher vine (6 damage)
             ... created by a dryad
             ... on level 8 of the Dungeon.
             The game lasted 00:13:03 (7998 turns).

KristoblXynda the Carver (Grey Draconian Gladiator) Turns: 7998, Time: 00:13:04

Health: 0/91       AC: 17    Str: 17    XL:     10   Next: 30%
Magic:  10/10      EV: 14    Int: 12    God:    Okawaru [****..]
Gold:   376        SH: 10    Dex: 12    Spells: 9/9 levels left

rFire    . . .     SeeInvis .   v - +1 scimitar (flame)
rCold    + . .     Gourm    .   C - +2 buckler of the Ditch-Digger {rC+}
rNeg     . . .     Faith    +   (armour unavailable)
rPois    +         Spirit   .   b - +1 hat
rElec    .         Reflect  .   t - +1 cloak
rCorr    .         Harm     .   (no gloves)
MR       .....                  w - +1 pair of boots
Stlth    +.........             x - amulet of faith
HPRegen  0.25/turn              (no ring)
MPRegen  0.12/turn              q - ring of poison resistance

@: no status effects
A: walk through water, unfitting armour, unbreathing, cold-blooded, AC +12
a: Heroism, Renounce Religion


You were on level 8 of the Dungeon.
You worshipped Okawaru.
Okawaru was greatly pleased with you.
You were hungry.

You visited 2 branches of the dungeon, and saw 9 of its levels.

You collected 376 gold pieces.

Inventory:

Hand Weapons
 v - a +1 scimitar of flaming (weapon)
Missiles
 c - 3 throwing nets (quivered) {=f}
Armour
 b - a +1 hat (worn)
 t - a +1 cloak (worn)
 w - a +1 pair of boots (worn)
 C - the +2 buckler of the Ditch-Digger (worn) {rC+}
   (You found it on level 6 of the Dungeon)

   It protects you from cold.
Jewellery
 h - the ring of Incredulity {Ice Str+3}
   (You found it on level 1 of the Dungeon)

   [ring of ice]

   It enhances your ice magic.
   It affects your strength (+3).
   It makes you vulnerable to fire.
   It protects you from cold.
 q - a ring of poison resistance (right hand)
 x - an amulet of faith (around neck)
Wands
 i - a wand of paralysis (6)
 m - a wand of flame (9)
 A - a wand of disintegration (11)
 B - a wand of acid (4)
Scrolls
 a - a scroll of remove curse
 g - 3 scrolls of amnesia
 n - 2 scrolls of blinking
 o - 2 scrolls of magic mapping
 p - a scroll of enchant armour
 r - 2 scrolls of teleportation
 y - 4 scrolls of fear
Potions
 d - a potion of heal wounds
 f - 2 potions of lignification
 j - 2 potions of mutation {unknown}
 k - 2 potions of cancellation
 l - a potion of haste
 s - 2 potions of curing
 u - 2 potions of brilliance
 z - a potion of resistance
 G - 2 potions of agility {unknown}
Comestibles
 e - 16 rations {!d}


   Skills:
 + Level 9.2 Fighting
 + Level 10.1 Long Blades
 - Level 2.0 Throwing
 + Level 7.7 Dodging
 - Level 4.0 Shields


You had 9 spell levels left.
You didn't know any spells.
Your spell library contained the following spells:

 Spells                   Type           Power        Failure   Level  Hunger
 Animate Skeleton         Necr           N/A          54%         1    None
 Pain                     Necr           #.....       54%         1    None
 Vampiric Draining        Necr           #.........   89%         3    #####..
 Agony                    Necr           #.......     100%        4    ######.
 Animate Dead             Necr           N/A          100%        4    ######.
 Dispel Undead            Necr           #.......     100%        5    #######


Dungeon Overview and Level Annotations

Branches:
Dungeon (8/12)             Temple (1/1) D:7            Lair (0/6) D:8
    Orc: D:8-11

Altars:
Ashenzari
Cheibriados
Dithmenos
Elyvilon
Fedhas
Gozag
Hepliaklqana
Kikubaaqudgha
Lugonu
Makhleb
Nemelex Xobeh
Okawaru
Qazlal
Ru
Sif Muna
Uskayaw
Vehumet
Wu Jian
Xom
Yredelemnul
Zin
The Shining One

Shops:
D:4 (   D:7 *

Annotations:
D:8 exclusion: statue


Innate Abilities, Weirdness & Mutations

You can walk through water.
Your dull iron-grey scales are very hard. (AC +12)
You cannot fit into any form of body armour.
You can survive without breathing.
You are cold-blooded and may be slowed by cold attacks.


Message History

You block the snaplasher vine's attack. x2
A snaplasher vine segment comes into view.
There is a staircase to the Lair here.
No path to travel!
You are hit by a branch.
* * * LOW HITPOINT WARNING * * *
You block the snaplasher vine's attack. The snaplasher vine hits you.
* * * LOW HITPOINT WARNING * * *
The river rat bites the plant but does no damage.
A snaplasher vine segment comes into view.
No path to travel!
The snaplasher vine grabs you. The snaplasher vine hits you.
* * * LOW HITPOINT WARNING * * *
The snaplasher vine constricts you.
No path to travel!
You escape the snaplasher vine's grasp.
You block the snaplasher vine's attack. x2
No path to travel!
You feel roots moving beneath the ground.
The snaplasher vine closely misses you. The snaplasher vine hits you.
You die...

#)#...#..#####.♣♣♣
..##
...............♣R♣
...
###...#.######♣♣8♣♣.#
##.##.# #.≈≈≈.#####
####.# #♣........#
#.# #│P>─┐###.# #.#
#│rw.♣# #+# #.#
#│r.#.###.# #.# #.#
#.w@......# #.# #.#
#####.#########.####
#.# #.# #.......# #.#
#.# #.#####..
#######.# #.######.#
#.. ........#
#........# #..
######### ########.#
#.. #.#####.#
#.......#


You could see a moss-covered statue, a dryad, 2 snaplasher vines and 2 river
rats.

Vanquished Creatures
  Erica (D:8)
  A two-headed ogre (D:8)
  Pikel (D:5)
  An elephant (D:8)
  2 trolls (D:7)
  A hippogriff (D:8)
  A yak (D:5)
  A crocodile (D:8)
  An acid dragon (D:8)
  An orc warrior (D:7)
  3 sky beasts
  3 slaves (D:5)
  2 ogres
  2 centaurs
  3 bullfrogs
  A scorpion (D:8)
  3 wights (D:8)
  3 killer bees (D:8)
  3 orc priests
  A bullfrog zombie (D:7)
  A crimson imp (D:5)
  A quasit (D:7)
  A bullfrog skeleton (D:7)
  2 jellies
  Crazy Yiuf (D:3)
  5 orc wizards
  Terence (D:3)
  6 worker ants
  A worker ant zombie (D:7)
  7 adders
  A shadow imp (D:8)
  2 worms
  2 dart slugs
  8 leopard geckos
  11 orcs
  3 bats
  6 giant cockroaches
  9 hobgoblins
  8 jackals
  7 kobolds (D:2)
  6 quokkas
  A ball python (D:2)
  4 frilled lizards
  8 rats
  A plant (D:8)
138 creatures vanquished.

Vanquished Creatures (others)
  A plant (D:8)
1 creature vanquished.

Grand Total: 139 creatures vanquished

Notes
Turn   | Place    | Note
-------+----------+-------------------------------------------
     0 | D:1      | KristoblXynda the Draconian Gladiator began the quest for
                  | the Orb.
     0 | D:1      | Reached XP level 1. HP: 19/19 MP: 1/1
   145 | D:1      | Got a smoking amber ring
   726 | D:2      | Reached XP level 2. HP: 26/26 MP: 2/2
   834 | D:2      | Identified the cursed ring of Incredulity {Ice Str+3} (You
                  | found it on level 1 of the Dungeon)
  1059 | D:2      | Reached XP level 3. HP: 28/31 MP: 3/3
  1501 | D:3      | Noticed a sky beast
  1513 | D:3      | Killed a sky beast
  1514 | D:3      | Reached skill level 4 in Long Blades
  1514 | D:3      | Reached XP level 4. HP: 24/40 MP: 4/4
  1514 | D:3      | Reached XP level 5. HP: 28/46 MP: 5/5
  1618 | D:3      | Noticed Terence
  1639 | D:3      | Killed Terence
  2347 | D:3      | Found a runed door.
  2527 | D:3      | Noticed Crazy Yiuf
  2534 | D:3      | Killed Crazy Yiuf
  2535 | D:3      | Reached skill level 5 in Long Blades
  2614 | D:4      | Reached XP level 6. HP: 48/53 MP: 6/6
  2696 | D:4      | Found Gostriu's Antique Weapon Shop.
  2897 | D:4      | Noticed a sky beast
  2906 | D:4      | Killed a sky beast
  2907 | D:4      | Reached skill level 5 in Fighting
  3285 | D:5      | Entered Level 5 of the Dungeon
  3664 | D:5      | Noticed a slave
  3664 | D:5      | Noticed a slave
  3666 | D:5      | Noticed a slave
  3670 | D:5      | Noticed a slave
  3677 | D:5      | Noticed Pikel
  3695 | D:5      | Killed a slave
  3702 | D:5      | Killed a slave
  3713 | D:5      | Killed a slave
  3725 | D:5      | Killed Pikel
  3726 | D:5      | Reached skill level 6 in Long Blades
  3726 | D:5      | Your scales start taking on a dull iron-grey colour.
  3726 | D:5      | Reached XP level 7. HP: 51/62 MP: 7/7
  3726 | D:5      | Gained mutation: You can survive without breathing. [Grey
                  | Draconian growth]
  3820 | D:5      | Reached skill level 7 in Long Blades
  3872 | D:5      | Found a sparkling altar of Nemelex Xobeh.
  4051 | D:5      | Reached skill level 5 in Dodging
  4051 | D:5      | Reached XP level 8. HP: 70/70 MP: 8/8
  4907 | D:6      | Got a fading buckler
  5035 | D:6      | Found a snail-covered altar of Cheibriados.
  5420 | D:7      | Reached skill level 8 in Long Blades
  5505 | D:7      | Found a staircase to the Ecumenical Temple.
  5517 | Temple   | Entered the Ecumenical Temple
  5671 | Temple   | Became a worshipper of Warmaster Okawaru
  5764 | D:7      | Found Upup's Assorted Antiques.
  5876 | D:7      | Found a shattered altar of Ashenzari.
  5980 | D:7      | Identified the +2 buckler of the Ditch-Digger {rC+} (You
                  | found it on level 6 of the Dungeon)
  6013 | D:7      | Noticed a troll
  6023 | D:7      | Killed a troll
  6023 | D:7      | Reached * piety under Okawaru
  6024 | D:7      | Reached skill level 1 in Shields
  6024 | D:7      | Reached XP level 9. HP: 54/79 MP: 9/9
  6105 | D:7      | Noticed a troll
  6130 | D:7      | Killed a troll
  6436 | D:7      | Reached skill level 9 in Long Blades
  6574 | D:8      | Reached ** piety under Okawaru
  6605 | D:8      | Noticed Erica
  6619 | D:8      | Killed Erica
  6747 | D:8      | Reached *** piety under Okawaru
  7097 | D:8      | Noticed a two-headed ogre
  7239 | D:8      | Reached XP level 10. HP: 73/90 MP: 10/10
  7424 | D:8      | Killed a two-headed ogre
  7440 | D:8      | Reached skill level 10 in Long Blades
  7693 | D:8      | Found a white marble altar of Elyvilon.
  7849 | D:8      | Noticed an elephant
  7881 | D:8      | Killed an elephant
  7881 | D:8      | Reached **** piety under Okawaru
  7976 | D:8      | Found a staircase to the Lair.
  7998 | D:8      | Slain by a snaplasher vine

Skill      XL: |  1  2  3  4  5  6  7  8  9 10 |
---------------+-------------------------------+-----
Throwing       | 2 |  2.0
Dodging        | 3 4 5 6 7 |  7.7
Fighting       | 4 5 6 7 8 9 |  9.2
Long Blades    | 4 5 6 7 8 9 10 | 10.1
Shields        | 1 4 |  4.0

Action                   |  1- 3 |  4- 6 |  7- 9 | 10-12 || total
-------------------------+-------+-------+-------+-------++-------
Melee: Long sword        |   113 |   196 |   266 |       ||   575
       Tailslap          |    15 |    31 |    46 |     8 ||   100
       Scimitar          |       |       |    67 |    69 ||   136
Evoke: Wand              |       |       |     5 |     1 ||     6
  Use: Scroll            |     5 |     7 |     5 |     1 ||    18
       Potion            |       |     2 |     5 |       ||     7
 Stab: Sleeping          |       |     1 |     1 |       ||     2
  Eat: Chunk             |     4 |    12 |    16 |     3 ||    35
       Ration            |       |       |     1 |       ||     1
Armor: Skin              |    32 |    71 |   108 |    27 ||   238
Dodge: Dodged            |    73 |   109 |   192 |    44 ||   418
Block: Other             |     1 |     9 |     3 |       ||    13
       Buckler           |       |       |    69 |    52 ||   121
